 Dungeon Crawl Stone Soup version 0.27-a0-1565-gad902ab807 (webtiles) character file.

Game seed: 12827423856165889004

129 ezpacito the Unweaver (level 4, -10/38 HPs)
             Began as a Demonspawn Abyssal Knight on July 16, 2021.
             Was a Follower of Lugonu.
             Mangled by an ogre (21 damage)
             ... on level 4 of the Dungeon.
             The game lasted 00:03:54 (2610 turns).

ezpacito the Unweaver (Demonspawn Abyssal Knight)   Turns: 2610, Time: 00:03:55

Health: -10/38     AC:  4    Str: 12 (13) XL:     4   Next: 88%
Magic:  9/9        EV: 12    Int: 11 (13) God:    Lugonu [*.....]
Gold:   132        SH:  0    Dex: 11 (13) Spells: 9/9 levels left

rFire    + . .     SeeInvis .   a - +1 hand axe
rCold    + . .     Faith    .   (no shield)
rNeg     . . .     Spirit   .   b - +0 leather armour
rPois    +         Reflect  .   (no helmet)
rElec    +         Harm     .   (no cloak)
rCorr    +         Rampage  .   n - +0 pair of gloves
Will     .....                  (no boots)
Stlth    ++........             (no amulet)
HPRegen  0.12/turn              (no ring)
MPRegen  0.11/turn              (no ring)

@: resistant
A: spiny 1
a: Renounce Religion, Depart the Abyss


You were on level 4 of the Dungeon.
You worshipped Lugonu.
Lugonu was aware of your devotion.
You visited 1 branch of the dungeon, and saw 4 of its levels.
You visited the Abyss 1 time.

You collected 132 gold pieces.

Inventory:

Hand Weapons
 a - a +1 hand axe (weapon)
Missiles
 i - 10 boomerangs
Armour
 b - a +0 leather armour (worn)
 n - a +0 pair of gloves (worn)
Jewellery
 g - a ring of ice
Scrolls
 e - 3 scrolls of teleportation
 f - a scroll of identify
Potions
 c - a potion of mutation
 d - a potion of might
 m - a potion of invisibility {unknown}


   Skills:
 + Level 4.6 Fighting
 * Level 5.0 Axes
 + Level 3.6 Armour
 + Level 3.4 Dodging
 + Level 3.3 Stealth
 + Level 3.0 Spellcasting
 * Level 7.2 Invocations


You had 9 spell levels left.
You didn't know any spells.
Your spell library was empty.

Dungeon Overview and Level Annotations

Branches:
Dungeon (4/15)
 Temple: D:4-7

Altars:
Ashenzari
Gozag
The Shining One


Innate Abilities, Weirdness & Mutations

You are partially covered in sharp spines.


Message History

Your Dodging skill gained 2 levels and is now at level 3!
Your Stealth skill gained 3 levels and is now at level 3!
Your Spellcasting skill gained 3 levels and is now at level 3!
Your Invocations skill gained 4 levels and is now at level 7!
You have reached level 4!
You feel stronger.
You feel your willpower return.
Magic restored.
Done exploring.
Done exploring.
Done exploring.
Unknown command.
Done exploring.
(D) Dungeon
Where to? (Enter - D:3, ? - help)
What level of the Dungeon? (default 1, ? - help)
There is an open door here.
There is a stone staircase leading down here.
You climb downwards.
Found 7 gold pieces.
There is a stone staircase leading up here.
You now have 132 gold pieces (gained 7).
Found a scroll of identify.
f - a scroll of identify An ogre comes into view.
It is wielding a +0 giant club.
The ogre shouts!
An ogre is nearby!
The ogre is struck by your spines. The ogre hits you with a +0 giant club!
You closely miss the ogre.
The ogre is lightly wounded.
You barely miss the ogre.
The ogre is lightly wounded.
The ogre is struck by your spines. The ogre hits you with a +0 giant club!
* * * LOW HITPOINT WARNING * * *
It was a potion of resistance.
You feel protected. The ogre is struck by your spines.
The ogre hits you with a +0 giant club!!
Ouch! That really hurt!
You die...

........+.....#
###....#...#
#.......<..#
#.######.#.#
#..........# #
########.###.## #.
#...............
##..#.########.#.###
#....@....... ...
##..#O######. #.#
##.#.# .# # #.# #
#.# #.# #.. ###


You could see an ogre.

Vanquished Creatures
  2 adders
  An orc (D:3)
  5 endoplasms
  A giant cockroach (D:3)
  2 goblins (D:1)
  3 hobgoblins (D:1)
  4 jackals (D:2)
  7 kobolds
  A quokka (D:3)
  A ball python (D:1)
  9 bats
  5 rats
41 creatures vanquished.

Vanquished Creatures (others)
  2 fungi (D:1)
  A plant (D:1)
3 creatures vanquished.

Grand Total: 44 creatures vanquished

Notes
Turn   | Place    | Note
-------+----------+-------------------------------------------
     0 | Abyss:1  | ezpacito the Demonspawn Abyssal Knight began the quest for
                  | the Orb.
     0 | Abyss:1  | Reached XP level 1. HP: 18/18 MP: 2/2
   222 | Abyss:1  | Noticed a chaos spawn
   242 | D:1      | Escaped the Abyss
   286 | D:1      | Reached * piety under Lugonu
   287 | D:1      | Reached skill level 1 in Dodging
   290 | D:1      | Gained mutation: You are partially covered in sharp spines.
                  | [demonic ancestry]
   290 | D:1      | Reached XP level 2. HP: 18/24 MP: 4/4
   801 | D:1      | Reached skill level 3 in Invocations
   839 | D:1      | Found a faded altar of an unknown god.
  1011 | D:2      | Reached XP level 3. HP: 29/29 MP: 5/5
  2351 | D:3      | Found an opulent altar of Gozag.
  2351 | D:3      | Found a broken altar of Ashenzari.
  2537 | D:3      | Reached skill level 5 in Axes
  2537 | D:3      | Reached skill level 7 in Invocations
  2537 | D:3      | Reached XP level 4. HP: 38/38 MP: 5/9
  2605 | D:4      | Noticed an ogre
  2610 | D:4      | Mangled by an ogre

Illustrated notes

Levels and vault maps discovered:
D:1:      psy_arrival_basics, layout_rooms, shapermc_ecumenical_altar_ellora
D:2:      layout_basic
D:3:      layout_rooms, gammafunk_temple_overflow_forgotten,
          minmay_goblin_kobold_house
D:4:      layout_basic, nicolae_ru_great_annihilating_truth, temple_green,
          st_stairs_4

Skill      XL: |  1  2  3 |
---------------+----------+-----
Dodging        | 1 3 |  3.4
Axes           | 2 5 |  5.0
Invocations    | 3 7 |  7.2
Armour         | 3 |  3.6
Fighting       | 4 |  4.6
Stealth        | 3 |  3.3
Spellcasting   | 3 |  3.0

Action                   |  1- 3 |  4- 6 || total
-------------------------+-------+-------++-------
Melee: Hand axe          |    83 |     2 ||    85
Invok: Depart the Abyss  |     1 |       ||     1
  Use: Scroll            |     8 |       ||     8
       Potion            |     4 |     1 ||     5
 Stab: Sleeping          |     1 |       ||     1
Armor: Leather armour    |    23 |       ||    23
Dodge: Dodged            |    45 |       ||    45

Table legend: (Time is in decaauts)
 A = Elapsed time spent in this place.
 B = Non-inter-level travel time spent in this place.
 C = Inter-level travel time spent in this place.
 D = Time resting spent in this place.
 E = Time spent auto-exploring this place.
 F = Levels seen in this place.
 G = Mean time per level.
                   A        B        C        D        E       F      G
               +--------+--------+--------+--------+--------+-----+--------+
         Total |   2625 |   2519 |    106 |    114 |   2103 |   5 |  525.0 |
       Dungeon |   2383 |   2277 |    106 |    114 |   1881 |   4 |  595.8 |
         Abyss |    242 |    242 |      0 |      0 |    222 |   1 |  242.0 |
               +--------+--------+--------+--------+--------+-----+--------+

Top non-repeatable levels by time:
     D:3: 886 daAuts
     D:1: 742 daAuts
     D:2: 735 daAuts
 Abyss:1: 242 daAuts
     D:4: 18 daAuts
